 Dungeon Crawl Stone Soup version 0.18.1-5-g4a78601 (webtiles) character file.

54 Mefis the Magician (level 3, -2/19 HPs)
             Began as a Deep Elf Wizard on May 15, 2016.
             Killed from afar by Natasha (10 damage)
             ... with a wand of flame
             ... on level 2 of the Dungeon.
             The game lasted 00:03:52 (1922 turns).

Mefis the Magician (Deep Elf Wizard)                Turns: 1922, Time: 00:03:53

Health: -2/19      AC:  4    Str:  4    XL:     3   Next: 66%
Magic:  3/11       EV: 13    Int: 23    God:
Gold:   99         SH:  0    Dex: 13    Spells: 5 memorised, 1 level left

rFire  . . .     SeeInvis +     q - +0 dagger
rCold  . . .     Gourm    .     a - +0 robe
rNeg   . . .     Faith    .     (no shield)
rPois  .         Spirit   .     e - +1 helmet {SInv}
rElec  .         Dismiss  .     (no cloak)
rCorr  .         Reflect  .     (no gloves)
SustAt .         Harm     .     (no boots)
MR     .....                    (no amulet)
Stlth  ++........               (no ring)
                                (no ring)

@: not resistant to hostile enchantments, unstealthy
A: no striking features
a: no special abilities


You were on level 2 of the Dungeon.
You were not hungry.

You visited 1 branch of the dungeon, and saw 3 of its levels.

You collected 99 gold pieces.

Inventory:

Hand Weapons
 q - a +0 dagger (weapon)
Missiles
 m - 23 sling bullets
 s - 13 poisoned needles
Armour
 a - a +0 robe (worn)
 b - a +0 hat
 e - a +1 helmet of see invisible (worn)
Scrolls
 f - a scroll of fear {unknown}
 i - a scroll of blinking {unknown}
 j - a scroll of teleportation {unknown}
 k - 2 scrolls of noise {unknown}
 n - a scroll of magic mapping {unknown}
Potions
 h - 3 potions of curing {unknown}
 l - a potion of flight {unknown}
 o - 2 potions of brilliance {unknown}
Books
 c - a book of Minor Magic

   Spells                             Type                      Level
   a - Magic Dart                     Conjuration                  1
   b - Blink                          Translocation                2
   c - Call Imp                       Summoning                    2
   d - Repel Missiles                 Charms/Air                   2
   e - Slow                           Hexes                        2
   f - Conjure Flame                  Conjuration/Fire             3
   g - Mephitic Cloud                 Conjuration/Poison/Air       3
Comestibles
 d - 2 bread rations
 g - a beef jerky
 p - a meat ration
 r - a chunk of flesh


   Skills:
 + Level 2.9 Dodging
 + Level 3.2 Stealth
 + Level 4.7 Spellcasting
 * Level 2.5 Conjurations
 + Level 1.2 Summonings
 - Level 1.1 Translocations
 + Level 0.4 Poison Magic


You had one spell level left.
You knew the following spells:

 Your Spells              Type           Power        Failure   Level  Hunger
a - Magic Dart            Conj           ###.         3%          1    None
b - Call Imp              Summ           ##......     12%         2    None
c - Blink                 Tloc           N/A          12%         2    None
d - Repel Missiles        Chrm/Air       #.....       17%         2    None
e - Mephitic Cloud        Conj/Pois/Air  ##......     21%         3    ##.....


Dungeon Overview and Level Annotations

Branches:
Dungeon (3/15)

Altars:
Okawaru

Annotations:
D:2 Ijyb, Natasha


Message History

Ijyb is moderately wounded.
Ijyb hits you but does no damage.
Casting: Magic Dart
Confirm with . or Enter, or press ? or * to list all spells.
Aiming: Magic Dart
Press: ? - help, Shift-Dir - straight line, f/p - Ijyb
Aim: Ijyb, wearing a leather armour (moderately wounded)
The magic dart hits Ijyb.
Ijyb is moderately wounded.
Ijyb screams, "Die!"
Ijyb barely misses you.
Natasha zaps a wand.
The puff of flame hits you!
Ouch! That really hurt!
A kobold comes into view. It is wielding a dagger.
The kobold moves out of view.
Ijyb completely misses you.
The kobold shouts!
Natasha zaps a wand.
The puff of flame hits you!
Ouch! That really hurt!
You die...

.##.#####.....................#.#
.##.# ..........#..#.......#.#
.##.# ..........##.........#.#
.##.#####......... #.#..........
........#......... #.####......#
.....[..####.#.#.####.## #....#..
........# ##.#.....##..###.####.#
..).....###..#.....##.......# #.#
.###..####.h##..@..##.......###.#
.# ##.# #.###.....##............
.# #.# ##.# #.gK..#........###.#
.# #.###..###.......###.##...#..
.# #.##..##.......#####..###...(
.# #.##.###h#........###.....#..
.# #.##.#...#.....##............
.# #.##...###.#####.........)...
.## #.....## #.# ##.##...##.##..


You could see Ijyb, Natasha and a kobold.

Vanquished Creatures
  2 adders (D:2)
  A ball python (D:1)
  2 giant cockroaches (D:1)
  3 goblins
  9 hobgoblins
  6 kobolds
  5 bats
  A giant newt (D:1)
  2 rats
31 creatures vanquished.

Notes
Turn   | Place    | Note
--------------------------------------------------------------
     0 | D:1      | Mefis the Deep Elf Wizard began the quest for the Orb.
     0 | D:1      | Reached XP level 1. HP: 10/10 MP: 7/7
   294 | D:1      | Reached XP level 2. HP: 15/15 MP: 3/9
  1065 | D:2      | Reached XP level 3. HP: 19/19 MP: 6/11
  1069 | D:2      | Learned a level 2 spell: Call Imp
  1072 | D:2      | Learned a level 2 spell: Blink
  1075 | D:2      | Learned a level 2 spell: Repel Missiles
  1079 | D:2      | Learned a level 3 spell: Mephitic Cloud
  1195 | D:2      | Noticed Natasha
  1197 | D:2      | Noticed Ijyb
  1737 | D:2      | Found an iron altar of Okawaru.
  1922 | D:2      | Killed from afar by Natasha

Skill      XL: |  1  2 |
---------------+-------+-----
Conjurations   | 2 |  2.5
Stealth        | 3 |  3.2
Dodging        | |  2.9
Spellcasting   | |  4.7
Summonings     | |  1.2
Translocations | |  1.1
Poison Magic   | |  0.4

Action                   || total
-------------------------++-------
 Cast: Magic Dart        ||    92
       Mephitic Cloud    ||     3
       Blink             ||     2
       Repel Missiles    ||     1
  Eat: Chunk             ||     3
Armor: Robe              ||     3
Dodge: Dodged            ||    22
       Deflected         ||     1
